 Dungeon Crawl Stone Soup version 0.30.1-11-g7821555f0a (webtiles) character file.

Game seed: 10301331675202972637

179396 Martska the Warrior (level 17, -4/148 HPs)
             Began as a Demonspawn Fighter on Dec 13, 2023.
             Was a High Priest of Qazlal.
             Killed from afar by an ice dragon (30 damage)
             ... with a blast of cold
             ... on level 3 of the Abyss.
             The game lasted 01:25:57 (29805 turns).

Martska the Warrior (Demonspawn Fighter)           Turns: 29805, Time: 01:25:57

Health: -4/148     AC: 34    Str: 28    XL:     17   Next: 61%
Magic:  0/25       EV: 16    Int: 10    God:    Qazlal [*****.]
Gold:   877        SH: 14    Dex: 15    Spells: 2/16 levels left

rFire   + + .        G - +9 flail (flame)
rCold   x . .        (no shield)
rNeg    . . .        V - +6 fire dragon scales
rPois   .            e - +1 helmet of the Mind {Slay+3}
rElec   .            v - +2 cloak
rCorr   .            (gloves unavailable)
SInv    .            g - +2 pair of boots
Will    +....        c - brooch of Shielding {Spirit SH+8} Stlth
                     y - +4 ring of protection
HPRegen 0.00/turn    w - +6 ring of strength
MPRegen 0.19/turn

%: repel missiles, guardian spirit
@: sick
A: molten scales 2, spiny 2, demonic magic 2, demonic touch 3
a: Renounce Religion, Upheaval, Elemental Force, Disaster Area


You were on level 3 of the Abyss.
You worshipped Qazlal.
Qazlal was extremely pleased with you.
You visited 6 branches of the dungeon, and saw 27 of its levels.
You visited the Abyss 2 times.
You also visited: Sewer.

You collected 2521 gold pieces.
You spent 1644 gold pieces at shops.

Inventory:

Hand Weapons
 p - a +0 mace of draining
 x - a +2 demon whip of electrocution
 F - a +0 war axe of venom
 G - a +9 flail of flaming (weapon)
 X - the +8 spear of Aleyc {antimagic, Int+3 Dex+3}
   (You found it on level 10 of the Dungeon)

   Int:       It affects your intelligence (+3).
   Dex:       It affects your dexterity (+3).
Armour
 e - the +1 helmet of the Mind (worn) {Slay+3}
   (You bought it in a shop on level 14 of the Dungeon)

   Slay:      It affects your accuracy & damage with ranged weapons and melee
   (+3).
 g - a +2 pair of boots (worn)
 v - a +2 cloak (worn)
 P - +0 swamp dragon scales
 V - +6 fire dragon scales (worn)
 W - +0 acid dragon scales
Jewellery
 c - the brooch of Shielding (around neck) {Spirit SH+8}
   (You acquired it on level 7 of the Dungeon)

   [amulet of guardian spirit]

   It causes incoming damage to be divided between your reserves of health and
   magic.
   SH:        It affects your SH (+8).
 f - a ring of protection from cold
 k - an amulet of the acrobat
 o - a ring of magical power
 r - the amulet "Peeck" {Spirit Harm rN+}
   (You found it on level 1 of the Orcish Mines)

   [amulet of guardian spirit]

   It causes incoming damage to be divided between your reserves of health and
   magic.
   rN:        It protects you from negative energy.
   Harm:      It increases damage dealt and taken.
 u - the amulet of Geageir {Spirit rCorr}
   (You found it on level 1 of the Orcish Mines)

   [amulet of guardian spirit]

   It causes incoming damage to be divided between your reserves of health and
   magic.
   rCorr:     It protects you from acid and corrosion.
 w - a +6 ring of strength (right hand)
 y - a +4 ring of protection (left hand)
 E - a ring of fire
 O - a ring of willpower
 S - an amulet of regeneration
 Z - a ring of positive energy
Wands
 l - a wand of quicksilver (11)
 n - a wand of flame (57)
 D - a wand of digging (6)
 J - a wand of mindburst (11)
 L - a wand of iceblast (28)
 M - a wand of paralysis (5)
Scrolls
 a - 7 scrolls of teleportation
 h - 3 scrolls of silence
 j - a scroll of fog
 m - 3 scrolls of brand weapon
 s - 6 scrolls of enchant weapon
 A - 7 scrolls of immolation
 B - 2 scrolls of magic mapping
 C - 3 scrolls of identify
 Q - a scroll of blinking
 Y - 3 scrolls of fear
Potions
 b - 2 potions of magic
 d - 3 potions of might
 i - 4 potions of lignification
 q - 2 potions of berserk rage
 t - 10 potions of ambrosia
 z - 2 potions of curing
 H - 9 potions of flight
 I - 2 potions of haste
 K - 4 potions of mutation
 N - a potion of brilliance
 R - 3 potions of resistance
 U - 2 potions of invisibility


   Skills:
 + Level 17.6 Fighting
 - Level 14.0 Maces & Flails
 - Level 1.7 Polearms
 + Level 10.2 Armour
 + Level 13.3 Dodging
 - Level 2.8 Shields
 * Level 9.2 Transmutations
 * Level 7.6 Earth Magic
 - Level 11.4 Invocations


You had 2 spell levels left.
You knew the following spells:

 Your Spells              Type           Power      Damage    Failure   Level
a - Wereblood             Tmut           18%        N/A       2%          2
b - Statue Form           Tmut/Erth      10%        N/A       99%         6
c - Iron Shot             Conj/Erth      3%         9d2       100%        6

Your spell library contained the following spells:

 Spells                   Type           Power      Damage    Failure   Level
 Beastly Appendage        Tmut           36%        N/A       1%          1
 Passwall                 Tmut/Erth      13%        N/A       4%          2
 Sting                    Tmut/Pois      36%        1d4       12%         1
 Freeze                   Ice            0%         1d3       63%         1
 Cigotuvi's Dreadful Rot  Necr/Pois/Air  0%         N/A       77%         2
 Ensorcelled Hibernation  Hex/Ice        0%         N/A       77%         2
 Poisonous Vapours        Pois/Air       0%         N/A       77%         2
 Petrify                  Tmut/Erth      16%        N/A       26%         4
 Spider Form              Tmut/Pois      9%         N/A       36%         3
 Blade Hands              Tmut           9%         N/A       45%         5
 Ignite Poison            Fire/Tmut/Pois 6%         N/A       56%         3
 Lee's Rapid Deconstruct  Erth           7%         3d7*      69%         5
 Animate Armour           Summ/Erth      14%        N/A       86%         4
 Leda's Liquefaction      Hex/Erth       3%         N/A       86%         4
 Dazzling Flash           Conj/Hex       0%         N/A       94%         3
 Frozen Ramparts          Ice            0%         1d1       94%         3
 Hailstorm                Conj/Ice       0%         3d3       94%         3
 Ozocubu's Armour         Ice            0%         N/A       94%         3
 Portal Projectile        Hex/Tloc       0%         N/A       94%         3
 Swiftness                Air            0%         N/A       94%         3
 Tukima's Dance           Hex            0%         N/A       94%         3
 Vhi's Electric Charge    Tloc/Air       0%         N/A       94%         3
 Borgnjor's Vile Clutch   Necr/Erth      3%         N/A       99%         5
 Olgreb's Toxic Radiance  Pois           0%         N/A       100%        4
 Summon Lightning Spire   Summ/Air       0%         N/A       100%        4
 Agony                    Necr           0%         N/A       100%        5
 Arcjolt                  Conj/Air       0%         1d10      100%        5
 Freezing Cloud           Conj/Ice/Air   0%         6-21      100%        5
 Metabolic Englaciation   Hex/Ice        0%         N/A       100%        5
 Silence                  Hex/Air        0%         N/A       100%        5
 Death Channel            Necr           0%         N/A       100%        6
 Malign Gateway           Summ/Tloc      0%         N/A       100%        7
 Ozocubu's Refrigeration  Ice            0%         4d7       100%        7
 Storm Form               Tmut/Air       4%         N/A       100%        7
 Maxwell's Capacitive Co  Air            0%         ∞         100%        8
 Necromutation            Tmut/Necr      4%         N/A       100%        8


Dungeon Overview and Level Annotations

Branches:
Dungeon (15/15)            Temple (1/1) D:4            Lair (5/5) D:9
 Shoals (0/4) Lair:2        Snake (0/4) Lair:3          Orc (2/2) D:10
    Elf (3/3) Orc:2        Vaults (0/5) D:13         Depths (1/4) D:15
  Sewer (visited)
  Slime: Lair:4-5

Altars:
Ashenzari
Cheibriados
Dithmenos
Fedhas
Gozag
Hepliaklqana
Kikubaaqudgha
Nemelex Xobeh
Qazlal
Sif Muna
Trog
Vehumet
Wu Jian
Xom
Jiyva

Shops:
D:1 *   D:6 (   D:13 ?   D:14 [   Orc:2 *![(

Annotations:
D:15 3 runed translucent doors, Ownafamp's ghost, journeyman FoFi
Lair:4 exclusion: oklob plant
Elf:2 3 runed translucent doors


Innate Abilities, Weirdness & Mutations

You are mostly covered in molten scales. (AC +3)
You are mostly covered in sharp spines.
Spells you cast may paralyse nearby enemies.
Your touch may irresistibly damage your foes and sap their willpower.


Message History

You detect the abyssal rune!
A chaos spawn comes into view.
The chaos spawn shouts in stereo!
A chaos spawn comes into view.
The chaos spawn's pages rustle loudly.
You hear a bleat!
You hear a deafening roar!
You hear a shout!
You hear a deafening roar!
You hear a shout!
You hear a trumpeting!
You hear two shouts!
A fire bat and a chaos spawn come into view.
Activating: Disaster Area (3% risk of failure)
Press: ? - help, Dir - look around, f - activate Nature churns violently around you!
The blast of rubble hits the fire bat!
The fire bat is severely wounded.
The blast of rubble hits the chaos spawn!!
The chaos spawn is almost dead.
The cutting wind hits the chaos spawn!!!
You kill the chaos spawn!
Qazlal accepts your kill.
The chaos spawn degenerates into a cloud of primal chaos!
Qazlal accepts your kill.
You feel a bit more experienced.
The blast of ice hits the chaos spawn!!
You kill the chaos spawn!
Qazlal accepts your kill.
The chaos spawn degenerates into a cloud of primal chaos!
The blast of ice hits the chaos spawn!!!
You kill the chaos spawn!
Qazlal accepts your kill.
The chaos spawn degenerates into a cloud of primal chaos!
The blast of ice hits the fire bat!!!
The fire bat is frozen!
You kill the fire bat!
Qazlal accepts your kill. x2
You feel a bit more experienced.
You hear a deafening roar!
An ice dragon comes into view.
An ice dragon and an ogre mage come into view.
You hear a bleat!
The ogre mage hits you but does no damage.
The ice dragon breathes frost at you. The blast of cold hits you!!
You feel a terrible chill!
You die...

φ O§D§#
§§§§§##
#D@§§§##
##§§≈.≈#
##§.§≈+
##..§+
#++#


You could see 2 ice dragons and an ogre mage.

Vanquished Creatures
  Mara (Elf:3)
  Nikola (Elf:1)
  A bone dragon (Abyss:3)
  Jorgrun (Orc:2)
  Zenata (Elf:3)
  Rupert (Lair:3)
  A deep elf blademaster (Elf:3)
  A deep elf master archer (Elf:3)
  Frances (Elf:1)
  2 tentacled starspawn (Abyss:3)
  Agnes (Elf:1)
  A balrug (Abyss:3)
  4 deep elf sorcerers
  2 deep elf elementalists (Elf:3)
  A stone giant (Orc:1)
  6 very ugly things
  A deep elf demonologist (Elf:3)
  2 lorocyprocas (Abyss:3)
  2 deep elf death magi (Elf:3)
  3 ettins (Orc:1)
  A deep elf high priest (Elf:3)
  A spriggan zombie (Depths:1)
  Harold (D:10)
  2 rakshasas
  5 hydras
  4 ogre magi
  A fire dragon (D:10)
  Erolcha (D:11)
  6 centaur warriors
  A juggernaut simulacrum (Depths:1)
  3 catoblepae (Lair:5)
  15 two-headed ogres
  15 dancing weapons
  An anaconda (shapeshifter) (D:14)
  9 death yaks
  Urug (Lair:5)
  2 tengu warriors (D:14)
  4 sun demons (Abyss:3)
  9 deep elf knights
  A skyshark (Lair:5)
  A wretched star (Abyss:3)
  A skeletal warrior (D:13)
  12 deep elf archers
  A wizard (D:14)
  4 harpies (Lair:2)
  3 orc knights
  A glowing orange brain (D:15)
  23 deep elf pyromancers
  25 deep elf zephyrmancers
  A necromancer (Depths:1)
  11 orc sorcerers
  19 cyclopes
  11 ugly things
  A will-o-the-wisp (Abyss:3)
  A worldbinder (Abyss:3)
  5 manticores
  An apocalypse crab (Abyss:3)
  6 black mambas
  An unseen horror (D:11)
  8 cane toads
  2 gargoyles (D:13)
  4 centaur skeletons (D:13)
  8 komodo dragons
  3 rime drakes
  3 freezing wraiths
  2 kobold demonologists (D:13)
  3 tengu conjurers
  A hellion (Abyss:3)
  A queen bee (Lair:3)
  An ancient zyme (Abyss:3)
  A troll (Orc:1)
  3 meliai (D:13)
  A meliai (shapeshifter) (D:15)
  A tyrant leech (D:12)
  Grinder (D:4)
  7 raiju (Abyss:3)
  2 polar bears
  A tarantella (shapeshifter) (Elf:3)
  31 blink frogs
  10 slime creatures
  Sigmund (D:5)
  5 shadows
  An air elemental (Elf:2)
  A water elemental (Elf:2)
  2 vampires
  5 wraiths
  10 wyverns
  65 yaks
  2 fire bats (Abyss:3)
  A steam dragon (D:9)
  2 fire elementals (Elf:2)
  9 basilisks
  5 chaos spawn (Abyss:3)
  Edmund (D:5)
  A death yak simulacrum (Lair:1)
  3 vampire mosquitoes (D:14)
  4 swamp worms (D:12)
  4 nagas (Lair:3)
  4 wargs
  2 large abominations (Abyss:3)
  Duvessa (D:4)
  An acid dragon (D:10)
  16 water moccasins
  12 orc warriors
  A sky beast (D:7)
  9 black bears
  14 ogres
  18 wolves
  A phantom (D:5)
  9 centaurs
  5 kobold brigands
  12 bullfrogs
  2 gnoll sergeants
  5 scorpions
  2 earth elementals (Elf:2)
  10 wights
  A small abomination (Abyss:3)
  The ghost of blanketernal the Twirler, a weakling MiGl (D:4)
  Dowan (D:4)
  25 killer bees (Lair:3)
  3 electric eels
  2 quasits (Abyss:3)
  A hound (shapeshifter) (D:11)
  A jelly (D:5)
  9 orc priests
  4 hounds
  4 iguanas
  5 sleepcaps
  39 orc wizards
  Robin (D:4)
  13 gnolls
  13 adders
  5 river rats
  A howler monkey simulacrum (D:10)
  6 worms
  5 dart slugs
  68 orcs
  4 endoplasms
  10 giant cockroaches
  21 goblins
  A hobgoblin (D:2)
  7 jackals
  21 kobolds
  7 quokkas
  12 ball pythons
  11 bats
  7 frilled lizards
  7 rats
  2 starspawn tentacles (Abyss:3)
903 creatures vanquished.

Vanquished Creatures (others)
  A deep elf archer (Elf:1)
  2 deep elf pyromancers (Elf:1)
  3 deep elf zephyrmancers
  An orc (Orc:2)
  A kobold (D:10)
  4 foxfires (Abyss:3)
  2 starspawn tentacles (Abyss:3)
14 creatures vanquished.

Grand Total: 917 creatures vanquished

Notes
Turn   | Place    | Note
-------+----------+-------------------------------------------
     0 | D:1      | Martska the Demonspawn Fighter began the quest for the Orb.
     0 | D:1      | Reached XP level 1. HP: 18/18 MP: 1/1
    71 | D:1      | Gained mutation: You are partially covered in sharp spines.
                  | [demonic ancestry]
    71 | D:1      | Reached XP level 2. HP: 12/24 MP: 2/2
   137 | D:1      | Reached skill level 1 in Dodging
   351 | D:1      | Found Ahuholuh's Assorted Antiques.
   525 | D:2      | Gained mutation: Spells you cast may paralyse adjacent
                  | enemies. [demonic ancestry]
   525 | D:2      | Reached XP level 3. HP: 26/29 MP: 3/3
  1071 | D:3      | Gained mutation: You are partially covered in molten
                  | scales. (AC +2) [demonic ancestry]
  1071 | D:3      | Reached XP level 4. HP: 36/37 MP: 4/4
  1072 | D:3      | Reached skill level 4 in Fighting
  1192 | D:3      | Found a hazy altar of Hepliaklqana.
  1378 | D:3      | Gained mutation: You are mostly covered in molten scales.
                  | (AC +3) [demonic ancestry]
  1378 | D:3      | Reached XP level 5. HP: 42/42 MP: 5/5
  1994 | D:4      | Noticed a black bear
  2002 | D:4      | Killed a black bear
  2003 | D:4      | Gained mutation: You are mostly covered in sharp spines.
                  | [demonic ancestry]
  2003 | D:4      | Reached XP level 6. HP: 47/50 MP: 6/6
  2012 | D:4      | Reached skill level 5 in Fighting
  2017 | D:4      | Found a staircase to the Ecumenical Temple.
  2033 | D:4      | Noticed Dowan
  2033 | D:4      | Noticed Duvessa
  2038 | D:4      | Killed Dowan
  2049 | D:4      | Killed Duvessa
  2210 | D:4      | Reached XP level 7. HP: 53/56 MP: 7/7
  2230 | Temple   | Entered the Ecumenical Temple
  2312 | Temple   | Became a worshipper of Qazlal Stormbringer
  2316 | Temple   | Learned a level 2 spell: Wereblood
  2404 | D:4      | Reached skill level 1 in Invocations
  2661 | D:4      | Noticed Grinder
  2667 | D:4      | Reached skill level 6 in Fighting
  2684 | D:4      | Killed Grinder
  2685 | D:4      | Reached skill level 5 in Dodging
  2685 | D:4      | Reached XP level 8. HP: 10/65 MP: 9/9
  2881 | D:4      | Found a large runed translucent door.
  2884 | D:4      | Found a large runed translucent door.
  2886 | D:4      | Noticed blanketernal's ghost (weakling MiGl)
  2897 | D:4      | Noticed Robin
  2910 | D:4      | Killed Robin
  3130 | D:4      | Killed blanketernal's ghost
  3237 | D:5      | Entered Level 5 of the Dungeon
  3377 | D:5      | Noticed Sigmund
  3390 | D:5      | Killed Sigmund
  3391 | D:5      | Reached skill level 7 in Fighting
  3405 | D:5      | Noticed Edmund
  3417 | D:5      | Killed Edmund
  3418 | D:5      | Reached skill level 5 in Armour
  3579 | D:5      | Reached * piety under Qazlal
  3694 | D:5      | Found a glowing drain.
  3712 | Sewer    | Entered a sewer
  3899 | Sewer    | Reached ** piety under Qazlal
  4536 | D:5      | Noticed a moth of wrath
  4540 | D:5      | Found a bloodstained altar of Trog.
  4909 | D:6      | Gained mutation: Your touch may inflict minor irresistible
                  | damage on your foes. [demonic ancestry]
  4909 | D:6      | Reached XP level 9. HP: 73/73 MP: 12/12
  5031 | D:6      | Reached skill level 1 in Maces & Flails
  5242 | D:6      | Reached skill level 1 in Transmutations
  5653 | D:6      | Found a radiant altar of Vehumet.
  5663 | D:6      | Noticed a two-headed ogre
  5670 | D:6      | Killed a two-headed ogre
  5671 | D:6      | Reached skill level 8 in Fighting
  5671 | D:6      | Reached skill level 5 in Invocations
  5719 | D:6      | Found Faimykhuvi's Antique Weapon Shop.
  6320 | D:7      | Reached *** piety under Qazlal
  6338 | D:7      | Reached XP level 10. HP: 82/82 MP: 14/14
  6419 | D:7      | Identified a scroll of acquirement
  6426 | D:7      | Acquired the brooch of Shielding {Spirit SH+8}
  6426 | D:7      | Found the brooch of Shielding {Spirit SH+8}
  6974 | D:8      | Reached skill level 9 in Fighting
  7309 | D:8      | Found an ornate altar of the Wu Jian Council.
  7416 | D:8      | Found a flagged portal.
  7794 | D:9      | Reached skill level 5 in Maces & Flails
  7954 | D:9      | Reached **** piety under Qazlal
  8538 | D:9      | Gained mutation: Your touch may inflict irresistible damage
                  | on your foes. [demonic ancestry]
  8538 | D:9      | Reached XP level 11. HP: 90/90 MP: 16/16
  8555 | D:9      | Reached skill level 10 in Fighting
  8583 | D:9      | Found a staircase to the Lair.
  8730 | Lair:1   | Entered Level 1 of the Lair of Beasts
  9135 | Lair:1   | Found a frozen archway.
  9368 | Lair:1   | Reached skill level 11 in Fighting
 10111 | Lair:2   | Reached skill level 5 in Transmutations
 10141 | Lair:2   | Reached ***** piety under Qazlal
 10150 | Lair:2   | Gained mutation: Your touch may irresistibly damage your
                  | foes and sap their willpower. [demonic ancestry]
 10150 | Lair:2   | Reached XP level 12. HP: 89/100 MP: 14/18
 10340 | Lair:2   | Found a staircase to the Shoals.
 11061 | Lair:3   | Reached skill level 12 in Fighting
 11071 | Lair:3   | Noticed Rupert
 11089 | Lair:3   | Killed Rupert
 11217 | Lair:3   | Reached skill level 10 in Invocations
 11229 | Lair:3   | Noticed a seven-headed hydra
 11242 | Lair:3   | Killed a seven-headed hydra
 11252 | Lair:3   | Noticed a death yak
 11253 | Lair:3   | Noticed a death yak
 11254 | Lair:3   | Noticed a death yak
 11262 | Lair:3   | Killed a death yak
 11266 | Lair:3   | Killed a death yak
 11271 | Lair:3   | Killed a death yak
 11566 | Lair:3   | Reached XP level 13. HP: 101/109 MP: 17/20
 11765 | Lair:3   | Found a staircase to the Snake Pit.
 11815 | Lair:3   | You fall into a shaft and drop 2 floors!
 11815 | Lair:5   | Entered Level 5 of the Lair of Beasts
 11841 | Lair:5   | Reached ****** piety under Qazlal
 11851 | Lair:5   | Reached skill level 13 in Fighting
 11870 | Lair:5   | Reached skill level 10 in Maces & Flails
 12432 | Lair:5   | Noticed Urug
 12511 | Lair:5   | Killed Urug
 13017 | Lair:5   | Reached skill level 10 in Dodging
 13305 | Lair:5   | Reached skill level 14 in Fighting
 13715 | Lair:4   | Reached XP level 14. HP: 113/120 MP: 18/22
 14314 | Lair:4   | Found a viscous altar of Jiyva.
 15003 | D:10     | Entered Level 10 of the Dungeon
 15034 | D:10     | Found a staircase to the Orcish Mines.
 15172 | D:10     | Noticed Harold
 15178 | D:10     | Killed Harold
 15490 | D:10     | Identified the staff of air "Letwae Ageis" {rElec Will+
                  | Int+2 Dex+3}
 15508 | D:10     | Identified the staff of fire "Uwoall" {rF+ Will+ SInv}
 15571 | D:10     | Got Zuji's Vellum of Cadavers and Infection
 15586 | D:10     | Identified the +8 spear of Aleyc {antimagic, Int+3 Dex+3}
 15998 | D:11     | Noticed Erolcha
 16010 | Abyss:2  | Cast into level 2 of the Abyss (Erolcha)
 16017 | D:11     | Escaped the Abyss
 16025 | D:11     | Killed Erolcha
 16209 | D:11     | You fall into a shaft and drop 2 floors!
 16413 | D:12     | Reached skill level 15 in Fighting
 17269 | D:11     | Identified the +6 hand axe "Jiepted" {venom, +Blink rN+
                  | MP+9 Str-5}
 18058 | Orc:1    | Entered Level 1 of the Orcish Mines
 18103 | Orc:1    | Paralysed by something for 3 turns
 18449 | Orc:1    | Gained mutation: Spells you cast may paralyse nearby
                  | enemies. [demonic ancestry]
 18449 | Orc:1    | Reached XP level 15. HP: 115/130 MP: 12/23
 18468 | Orc:1    | Learned a level 6 spell: Statue Form
 18631 | Orc:1    | Found a dark tunnel.
 19050 | Orc:1    | Identified the +6 glaive of Callousness {freeze, Int+3}
 19059 | Orc:1    | Identified the +7 sling of Dajutoy {speed, rPois MP+9
                  | Dex+4}
 19081 | Orc:1    | Identified the amulet "Peeck" {Spirit Harm rN+}
 19084 | Orc:1    | Identified the amulet of Geageir {Spirit rCorr}
 19318 | Orc:2    | Entered Level 2 of the Orcish Mines
 19329 | Orc:2    | Reached skill level 1 in Earth Magic
 19432 | Orc:2    | Found a staircase to the Elven Halls.
 19510 | Orc:2    | Found Oschat's Antique Armour Shop.
 19510 | Orc:2    | Found Rides's Antique Weapon Shoppe.
 19528 | Orc:2    | Bought a glowing mace for 210 gold pieces
 19541 | Orc:2    | Bought a glowing cloak for 270 gold pieces
 19664 | Orc:2    | Found Parib's General Store.
 19664 | Orc:2    | Found Feyp's Distillery.
 19666 | Orc:2    | Reached skill level 16 in Fighting
 19679 | Orc:2    | Bought 2 potions of curing for 66 gold pieces
 19679 | Orc:2    | Bought a potion of curing for 33 gold pieces
 19679 | Orc:2    | Bought a scroll of enchant weapon for 82 gold pieces
 19692 | Orc:2    | Bought a potion of heal wounds for 75 gold pieces
 19692 | Orc:2    | Bought a potion of haste for 150 gold pieces
 20360 | D:13     | Found Baqe's Magic Scroll Shoppe.
 20366 | D:13     | Bought a scroll of enchant armour for 142 gold pieces
 20366 | D:13     | Bought a scroll of identify for 38 gold pieces
 20366 | D:13     | Bought a scroll of identify for 38 gold pieces
 20610 | D:13     | Paralysed by something for 2 turns
 20704 | D:13     | Found a gate to the Vaults.
 21722 | D:14     | Identified the +1 leather armour "Cukheh" {rPois Int+3}
 22367 | D:14     | Found Isirukho's Armour Shop.
 22376 | D:14     | Bought the +1 helmet of the Mind {Slay+3} for 378 gold
                  | pieces
 22484 | D:15     | Entered Level 15 of the Dungeon
 22830 | D:15     | Found a sparkling altar of Nemelex Xobeh.
 22924 | D:15     | Found an ancient bone altar of Kikubaaqudgha.
 22985 | D:15     | Found a runed translucent gate.
 22985 | D:15     | Found a runed translucent gate.
 22985 | D:15     | Found a runed translucent gate.
 22987 | D:15     | Noticed Ownafamp's ghost (journeyman FoFi)
 23185 | D:15     | Found a staircase to the Depths.
 23195 | Depths:1 | Entered Level 1 of the Depths
 23224 | Depths:1 | Reached XP level 16. HP: 116/139 MP: 24/24
 24581 | Orc:2    | Bought a pair of boots for 162 gold pieces
 24797 | Elf:1    | Entered Level 1 of the Elven Halls
 24797 | Elf:1    | Noticed Jorgrun
 24799 | Elf:1    | Noticed Frances
 24985 | Orc:2    | Killed Jorgrun
 25256 | Elf:1    | Killed Frances
 25482 | Elf:1    | Noticed Agnes
 25493 | Elf:1    | Killed Agnes
 25724 | Elf:1    | Found a shimmering altar of Xom.
 25843 | Elf:1    | Noticed Nikola
 25869 | Elf:1    | Killed Nikola
 26384 | Elf:1    | Got the Directory of Company
 26574 | Elf:1    | Reached skill level 17 in Fighting
 27128 | Elf:2    | Paralysed by an air elemental for 1 turns
 27131 | Elf:2    | Paralysed by an air elemental for 1 turns
 27134 | Elf:2    | Paralysed by an air elemental for 1 turns
 27436 | Elf:2    | Reached skill level 5 in Earth Magic
 27444 | Elf:2    | Paralysed by an orc sorcerer for 5 turns
 27706 | Elf:2    | Found a runed translucent gate.
 27707 | Elf:2    | Found a runed translucent gate.
 27707 | Elf:2    | Found a runed translucent gate.
 28009 | Elf:3    | Entered Level 3 of the Elven Halls
 28015 | Elf:3    | Noticed Zenata
 28027 | Elf:3    | Killed Zenata
 28374 | Elf:3    | Learned a level 6 spell: Iron Shot
 28426 | Elf:3    | Found a radiant altar of Vehumet.
 28452 | Elf:3    | Reached XP level 17. HP: 147/147 MP: 25/25
 28461 | Elf:3    | Noticed Mara
 28477 | Elf:3    | Noticed an Ice Fiend
 28482 | Elf:3    | Noticed Martska's illusion
 28488 | Elf:3    | Killed Mara
 28839 | Elf:3    | Noticed a deep elf blademaster
 28841 | Elf:3    | Noticed a deep elf master archer
 28851 | Elf:3    | Killed a deep elf blademaster
 29294 | Elf:3    | Killed a ghostly deep elf blademaster
 29305 | Elf:3    | Killed a deep elf master archer
 29331 | Abyss:3  | Cast into level 3 of the Abyss (a deep elf sorcerer)
 29437 | Abyss:3  | Reached skill level 10 in Armour
 29734 | Abyss:3  | Noticed a bone dragon
 29750 | Abyss:3  | Killed a bone dragon
 29805 | Abyss:3  | Killed from afar by an ice dragon

Illustrated notes

Levels and vault maps discovered:
D:1:      lightli_arrival_maybe_door_vault, layout_basic, serial_shops, shop,
          minivault_25, minmay_surrounded
D:2:      layout_loops_ring, corner_web_ring
D:3:      layout_loops_ring, lemuel_doored_altar
D:4:      layout_basic, minmay_temple_entry_arrows, ebering_ghost_disaster_area,
          minmay_mini_jars, uniq_duvessa, uniq_grinder, uniq_robin
D:5:      layout_loops_ring, mainiacjoe_overflow_brackets, tgw_trog,
          portal_sewer_entry_b, minivault_23, sigmund_edmund_badplayer
D:6:      layout_loops_ring, vehumet_crystals, serial_shops, shop,
          chequers_ossuary_entry_cave, minivault_4
D:7:      layout_layer_cave
D:8:      layout_gridville, nicolae_wu_jian_wuxing_cycle, enter_bailey_3
D:9:      layout_rooms, erik_lair_dragon
D:10:     minmay_cut_squares, layout_loops_ring, orc_david_3, uniq_harold
D:11:     layout_small_grid, tso_altar, uniq_erolcha
D:12:     layout_basic, worms_lemuel
D:13:     lemuel_ice_spiral_2, layout_irregular_city,
          hangedman_vaults_entry_quadrant_bands, serial_co_window_serial,
          co_window_paths_a, co_window_paths_b, co_window_paths_b,
          co_window_of_opportunity_a, co_window_of_opportunity_a,
          co_window_of_opportunity_a, co_window_paths_a, co_window_broadway_c,
          co_window_broadway_a, co_window_corner_b, glass_columns_a,
          glass_columns_a, serial_shops, nicolae_shop_rolling_square
D:14:     layout_cave_pods, serial_shops, nicolae_shop_crystal
D:15:     gammafunk_enter_depths_forms, layout_basic, gammafunk_ghost_spectres,
          kiku_gazebo_garden_becter, nemelex_lonely_heart_becter
Temple:   minmay_crystal_spiral_temple
Lair:1:   layout_loops_ring, portal_ice_cave_entry_ice_simulacra,
          patterned_corridor
Lair:2:   layout_gridlike, nicolae_shoals_entry_roost, grunt_megastairs_5
Lair:3:   layout_roguey [special_room_bee], minmay_snake_entry_guardpost_small,
          nicolae_quartered_pool_super, beast_lair_carwin_1, uniq_rupert
Lair:4:   layout_roguey, minmay_slime_entry_oklob_enclosed,
          grunt_forest_large_clearings, infiniplex_staircase_pool_2
Lair:5:   evilmike_catoblepas_cave, layout_regular_city,
          chequers_serial_rivers_room_b, uniq_urug
Orc:1:    giant_chief_lemuel, layout_diamond_mine,
          nicolae_volcano_entry_lava_flow
Orc:2:    st_orc_town, layout_caves, basic_altar
Elf:1:    eino_elf_arrival_shootout, layout_gridlike, basic_altar,
          mu_enter_wizlab_7, minmay_elf_demonology, dk_noncrumbling_2,
          uniq_frances, uniq_nikola, uniq_agnes, uniq_jorgrun
Elf:2:    nicolae_elf_blades_crystal_corner, layout_gridlike, kb_rosetta
Elf:3:    minmay_elf_hall_circle, layout_loops_corners, basic_altar, uniq_mara,
          uniq_zenata
Depths:1: layout_roguey [special_room_jelly], special_room
          [special_room_mythical_zoo], grunt_hell_horde, abyss_entry,
          kennysheep_generic_room_8, minmay_shop_grove, firewood_loft,
          uniq_enchantress
Abyss:3:  base: D:12, due_evilmike_abyss_rune_seething_liches

Skill      XL: |  1  2  3  4  5  6  7  8  9 10 11 12 13 14 15 16 17 |
---------------+----------------------------------------------------+-----
Dodging        | 1 2 3 4 5 6 7 8 9 10 11 12 13 | 13.3
Armour         | 3 4 5 6 7 8 9 10 | 10.2
Fighting       | 4 5 6 7 8 9 11 12 14 15 16 17 | 17.6
Invocations    | 2 4 5 7 8 10 11 | 11.4
Maces & Flails | 3 5 7 9 11 12 13 14 | 14.0
Transmutations | 2 3 5 6 7 9 |  9.2
Earth Magic    | 3 5 7 |  7.6
Polearms       | |  1.7
Shields        | |  2.8

Action                     |  1- 3 |  4- 6 |  7- 9 | 10-12 | 13-15 | 16-18 || total
---------------------------+-------+-------+-------+-------+-------+-------++-------
  Melee: Trident           |   104 |    40 |       |       |       |       ||   144
         Spear             |       |    31 |       |       |       |       ||    31
         Whip              |       |    37 |   194 |       |       |       ||   231
         Flail             |       |       |   107 |   369 |   866 |   476 ||  1818
         Touch             |       |       |    10 |    59 |   164 |    84 ||   317
         Punch             |       |       |       |     3 |    10 |     8 ||    21
   Cast: Wereblood         |       |       |       |     4 |    19 |    16 ||    39
 Invoke: Upheaval          |       |       |     1 |       |       |     1 ||     2
         Disaster Area     |       |       |       |       |       |     8 ||     8
    Use: Potion            |     3 |       |       |     5 |     6 |    22 ||    36
         Scroll            |       |       |     5 |    10 |    10 |    14 ||    39
   Stab: Paralysed         |       |       |       |       |    19 |       ||    19
         Invisible         |       |       |       |       |       |     2 ||     2
 Armour: Scale mail        |    42 |    43 |   102 |   179 |   106 |       ||   472
         Fire dragon scale |       |       |       |       |   162 |   168 ||   330
  Dodge: Dodged            |    42 |    57 |   153 |   178 |   345 |   189 ||   964
         Repelled          |       |       |       |     1 |     3 |    14 ||    18
  Block: Buckler           |    22 |    21 |    81 |       |       |       ||   124
         Other             |       |       |     8 |   292 |   620 |   259 ||  1179
